 Dungeon Crawl Stone Soup version bcrawl-1.21.3 (webtiles) character file.

Game seed: 14994492415286756402

2954 Chiseanne the Nimble (level 9, -2/59 HPs)
             Began as a Skeleton Archaeologist on Apr 9, 2020.
             Slain by a two-headed ogre
             ... wielding a +0 giant club
              (18 damage)
             ... on level 6 of the Dungeon.
             The game lasted 00:19:38 (6580 turns).

Chiseanne the Nimble (Skeleton Archaeologist)       Turns: 6580, Time: 00:19:39

Health: -2/59      AC: 13    Str: 19 (20) XL:     9   Next: 52%
Magic:  0/9        EV: 14    Int: 15      God:
Gold:   372        SH:  0    Dex:  8      Spells: 8/8 levels left

rFire    . . .     SeeInvis .   v - +0 hand axe (elec)
rCold    + + .     Gourm    .   (no shield)
rNeg     + + +     Faith    .   q - +0 ring mail {rC+}
rPois    ∞         Spirit   +   B - +0 helmet
rElec    .         Reflect  .   l - +2 cloak
rCorr    .         Harm     .   (no gloves)
MR       +....                  d - +1 pair of boots
Stlth    ++........             (no amulet)
HPRegen  0.19/turn              h - +2 ring of strength
MPRegen  0.11/turn              (no ring)

@: no status effects
A: no food or potions, cold resistance 1, deterioration 1, negative energy
resistance 3, powered by death 1, torment resistance, unbreathing, magic shield,
sturdy frame 1, spell healing
a: no special abilities


You were on level 6 of the Dungeon.
You were not hungry.

You visited 1 branch of the dungeon, and saw 6 of its levels.
You also visited: Sewer.

You collected 372 gold pieces.

Inventory:

Hand Weapons
 m - a +3 short sword of holy wrath
 v - a +0 hand axe of electrocution (weapon)
 z - a +2 rapier of freezing
Missiles
 g - 1124 stones (quivered)
 i - 469 sling bullets
 k - 717 bolts
 o - 185 tomahawks
 r - 94 poisoned needles
 w - 85 javelins
 x - 338 arrows
Armour
 d - a +1 pair of boots (worn)
 l - a +2 cloak (worn)
 q - a +0 ring mail of cold resistance (worn)
 A - a +1 leather armour of fire resistance
 B - a +0 helmet (worn)
Jewellery
 h - a +2 ring of strength (left hand)
 j - an uncursed amulet of faith
 s - an uncursed ring of wizardry
 u - an uncursed ring of wizardry
Scrolls
 b - 6 scrolls of amnesia
 c - a scroll of identify
 e - 2 scrolls of magic mapping
 f - a scroll of acquirement
 n - 9 scrolls of teleportation
 t - a scroll of fog


   Skills:
 * Level 7.8 Fighting
   Level 1.2 Maces & Flails
 * Level 8.1 Armour
 * Level 8.3 Dodging
 - Level 3.6 Stealth


You had 8 spell levels left.
You didn't know any spells.
Your spell library was empty.

Dungeon Overview and Level Annotations

Branches:
Dungeon (6/12)
 Temple: D:4-7

Altars:
Cheibriados
Gozag
Qazlal

Shops:
D:4 ([%   D:5 *


Innate Abilities, Weirdness & Mutations

You do not eat or drink.
You are immune to poison.
Your flesh is cold resistant. (rC+)
Your body sometimes deteriorates upon taking damage.
You are immune to negative energy. (rN+++)
You regenerate a little health from kills.
You are immune to unholy pain and torment.
You can survive without breathing.
When hurt, damage is shared between your health and your magic reserves.
Your movements are slightly less encumbered by armour. (ER -2)
Casting spells heals you.


Message History

The two-headed ogre is moderately wounded.
The two-headed ogre struggles against the net. x2
You hit the two-headed ogre.
The two-headed ogre is moderately wounded.
The two-headed ogre struggles against the net.
The net rips apart, and the two-headed ogre comes free!
You barely miss the two-headed ogre.
The two-headed ogre is moderately wounded.
The two-headed ogre completely misses you.
The two-headed ogre hits you with a +0 giant spiked club!!
You barely miss the two-headed ogre.
The two-headed ogre is moderately wounded.
The two-headed ogre hits you with a +0 giant club!
Your body deteriorates!
You feel weakened.
The two-headed ogre hits you with a +0 giant spiked club!
* * * LOW HITPOINT WARNING * * *
You hit the two-headed ogre.
The two-headed ogre is moderately wounded.
The two-headed ogre hits you with a +0 giant club!!
You die...

...........................>.....
###...........##...!.<...........
#...........#####..#...........
###.......!...# #..##...##.....
..............#####..##...##.....
..............#...........##.....
.........##.....#################
.........##......#..............#
.........##..)).@O.#####........#
..........#......[.# #..........#
..........#........# #.#.........
.....#.............###.#.........
######....)))..........#.#.###...
.....'........##.#######.#.# #...
######...##.#.##.........#O# ####
# #...##.#.############.# #. #
#...##......# #######.# #.


You could see a two-headed ogre.

Vanquished Creatures
  2 hippogriffs (D:6)
  A yak (D:6)
  Eustachio (D:5)
  A hungry ghost (D:4)
  Menkaure (D:6)
  A necrophage (D:6)
  An orc warrior (D:5)
  4 ice beasts
  4 ogres
  A centaur (D:6)
  A bullfrog (D:6)
  3 big kobolds
  A scorpion (D:5)
  2 howler monkeys
  2 crimson imps (D:4)
  A centaur skeleton (D:3)
  3 hounds (D:6)
  An orc priest (D:6)
  4 orc wizards
  2 bullfrog skeletons
  An iguana (D:5)
  2 worker ants
  2 killer bee zombies (D:6)
  10 adders
  A river rat (Sewer)
  2 shadow imps
  2 oozes
  6 worms
  6 dart slugs
  5 leopard geckos
  16 orcs
  4 giant cockroaches
  6 goblins
  4 hobgoblins
  2 jackals (D:3)
  A quokka (D:5)
  A ball python (D:1)
  5 bats
  A frilled lizard (D:5)
  10 kobolds
  A quokka skeleton (D:4)
  9 rats
134 creatures vanquished.

Notes
Turn   | Place    | Note
-------+----------+-------------------------------------------
     0 | D:1      | Chiseanne the Skeleton Archaeologist began the quest for
                  | the Orb.
     0 | D:1      | Reached XP level 1. HP: 12/12 MP: 1/1
    98 | D:1      | Reached XP level 2. HP: 14/16 MP: 0/2
  1145 | D:1      | Reached XP level 3. HP: 11/21 MP: 1/3
  1408 | D:2      | Reached skill level 1 in Armour
  1761 | D:3      | Reached XP level 4. HP: 25/27 MP: 4/4
  2257 | D:3      | Reached XP level 5. HP: 32/32 MP: 5/5
  2257 | D:3      | Identified a scroll of acquirement
  2490 | D:3      | Noticed an ogre
  2494 | D:3      | Killed an ogre
  2499 | D:3      | Gained mutation: You regenerate a little health from kills.
                  | [Skeleton growth]
  2499 | D:3      | Reached XP level 6. HP: 34/38 MP: 4/6
  2863 | D:4      | Noticed a hungry ghost
  2906 | D:4      | Killed a hungry ghost
  2906 | D:4      | Reached skill level 5 in Dodging
  2940 | D:4      | Found a glowing drain.
  2964 | Sewer    | Entered a sewer
  3192 | Sewer    | Reached XP level 7. HP: 24/44 MP: 5/7
  3769 | D:4      | Found Bailuthri's Weapon Shoppe.
  3800 | D:4      | Found a snail-covered altar of Cheibriados.
  3833 | D:4      | Reached skill level 5 in Fighting
  3936 | D:4      | Reached skill level 5 in Armour
  4146 | D:4      | Found Mep Bue's Antique Armour Emporium.
  4208 | D:4      | Found Xoylum's Food Shop.
  4344 | D:5      | Entered Level 5 of the Dungeon
  4493 | D:5      | Reached XP level 8. HP: 27/50 MP: 4/8
  4747 | D:5      | Found Hegeec's General Store.
  4953 | D:5      | Noticed Eustachio
  4977 | D:5      | Killed Eustachio
  5645 | D:6      | Reached XP level 9. HP: 56/56 MP: 9/9
  5656 | D:6      | Found an opulent altar of Gozag.
  5658 | D:6      | Found a stormy altar of Qazlal.
  5690 | D:6      | Noticed a two-headed ogre
  5691 | D:6      | Noticed Menkaure
  6119 | D:6      | Killed Menkaure
  6580 | D:6      | Slain by a two-headed ogre

Skill      XL: |  1  2  3  4  5  6  7  8  9 |
---------------+----------------------------+-----
Fighting       | 2 3 4 5 6 7 |  7.8
Armour         | 1 2 3 4 5 7 8 |  8.1
Dodging        | 4 5 6 7 8 |  8.3
Maces & Flails | |  1.2
Stealth        | |  3.6

Action                   |  1- 3 |  4- 6 |  7- 9 || total
-------------------------+-------+-------+-------++-------
Melee: Whip              |    27 |       |       ||    27
       Mace              |    62 |    36 |       ||    98
       Falchion          |       |   234 |   144 ||   378
       Hand axe          |       |       |   235 ||   235
Throw: Tomahawk          |     6 |    16 |    19 ||    41
       Javelin           |       |       |     3 ||     3
       Throwing net      |       |       |     1 ||     1
Evoke: Wand              |       |     3 |     4 ||     7
  Use: Scroll            |     6 |     2 |     5 ||    13
 Stab: Sleeping          |     5 |     2 |     1 ||     8
       Distracted        |       |       |     1 ||     1
       Held in net/web   |       |       |     1 ||     1
Armor: Robe              |    14 |       |       ||    14
       Ring mail         |    24 |   140 |   167 ||   331
Dodge: Dodged            |    70 |   166 |   299 ||   535
